3AA
IRVING BLUE SOX @ WESTWOOD SIXSHOOTERS
08/31/2032
 
TOP OF THE 1ST
Irving Blue Sox batting - Pitching for Westwood Sixshooters : RHP Bru Sotelo
Pitching: RHP Bru Sotelo
Batting: RHB Cisco Hernández 0-0: Called Strike
0-1: Swinging Strike
0-2: Ball
1-2: Ball
2-2: Strikes out swinging
Batting: RHB Justin Smelter 0-0: Hit by Pitch
Batting: LHB Myron Rosenbalm 0-0: Ball
Justin Smelter is caught stealing 2nd base
1-0: Ball
2-0: Ball
3-0: Called Strike
3-1: Foul Ball, location: 2F
3-2: Foul Ball, location: 2F
3-2: Base on Balls
Batting: RHB Carlos Garza 0-0: Ball
1-0: Called Strike
1-1: 2-RUN HOME RUN (Flyball, 8RXD), Distance : 447 ft
Batting: RHB Vince Staples 0-0: Called Strike
0-1: Swinging Strike
0-2: Ball
1-2: Fly out, F3 (Popup, 3S)
Top of the 1st over - 2 runs, 1 hit, 0 errors, 0 left on base; Irving 2 - Westwood 0
BOTTOM OF THE 1ST
Westwood Sixshooters batting - Pitching for Irving Blue Sox : RHP Peter Glenn
Pitching: RHP Peter Glenn
Batting: RHB Simone Catalani 0-0: Foul Ball, location: 2F
0-1: Called Strike
0-2: Ball
1-2: Foul Ball, location: 2F
1-2: Foul Ball, location: 2F
1-2: Strikes out swinging
Batting: LHB Datu Lesaca 0-0: Ball
1-0: Ball
2-0: Ball
3-0: Base on Balls
Batting: SHB Jasper Morrison 0-0: Called Strike
0-1: Foul Ball, location: 2F
0-2: Ball
1-2: Strikes out looking
Batting: LHB Vicente Gonzáles 0-0: Called Strike
0-1: Foul Ball, location: 2F
0-2: Ball
1-2: Ball
Datu Lesaca steals 2nd base
2-2: Ball
3-2: Base on Balls
Batting: SHB Júlio Morín Jr. 0-0: Ball
1-0: Ball
2-0: Ball
3-0: Base on Balls
Datu Lesaca to third
Vicente Gonzáles to second
Batting: RHB Michael Brannon 0-0: Called Strike
0-1: Ball
1-1: Ball
2-1: Ground out 6-3 (Groundball, 56)
Bottom of the 1st over - 0 runs, 0 hits, 0 errors, 3 left on base; Irving 2 - Westwood 0
TOP OF THE 2ND
Irving Blue Sox batting - Pitching for Westwood Sixshooters : RHP Bru Sotelo
Batting: RHB Carlos Ramírez 0-0: Foul Ball, location: 2F
0-1: Ground out 3-1 (Groundball, 34)
Batting: RHB Enrique Gómez 0-0: Ball
1-0: Ball
2-0: Swinging Strike
2-1: Called Strike
2-2: Foul Ball, location: 2F
2-2: Ball
3-2: Base on Balls
Batting: RHB Arnold Magowan 0-0: Ball
1-0: Foul Ball, location: 2F
1-1: Ball
2-1: Ball
3-1: Foul Ball, location: 2F
3-2: Base on Balls
Enrique Gómez to second
Batting: RHB Octávio Beltzán 0-0: Ball
1-0: Called Strike
1-1: Fly out, F9 (Flyball, 9LM)
Batting: RHB Cisco Hernández 0-0: SINGLE (Groundball, 56D)
Enrique Gómez to third
Arnold Magowan to second
Runner from 3rd tries for Home, SAFE, no throw
Batting: RHB Justin Smelter 0-0: Called Strike
0-1: DOUBLE (Line Drive, 9LM)
Arnold Magowan scores
Cisco Hernández to third
Runner from 3rd tries for Home, SAFE, throw made at trailing runner, OUT at third!
Top of the 2nd over - 3 runs, 2 hits, 0 errors, 0 left on base; Irving 5 - Westwood 0
BOTTOM OF THE 2ND
Westwood Sixshooters batting - Pitching for Irving Blue Sox : RHP Peter Glenn
Batting: LHB Mitchell Cusimano 0-0: SINGLE (Groundball, 34D)
Batting: SHB Aurelio Jiménez 0-0: Called Strike
0-1: Reached on error, E4 (Groundball, 4)
Mitchell Cusimano to second
Batting: RHB Domingo Bravo 0-0: Ball
1-0: Ball
2-0: Foul Ball, location: 2F
2-1: Grounds into double play, 6-4-3 (Groundball, 6)
Mitchell Cusimano to third
Batting: RHB Simone Catalani 0-0: Foul Ball, location: 2F
0-1: Ball
1-1: SINGLE (Groundball, 34D)
Mitchell Cusimano scores
Batting: LHB Datu Lesaca 0-0: Called Strike
0-1: Ground out U3 (Groundball, 34)
Bottom of the 2nd over - 1 run, 2 hits, 1 error, 1 left on base; Irving 5 - Westwood 1
TOP OF THE 3RD
Irving Blue Sox batting - Pitching for Westwood Sixshooters : RHP Bru Sotelo
Batting: LHB Myron Rosenbalm 0-0: Ball
1-0: Called Strike
1-1: Foul Ball, location: 2F
1-2: Foul Ball, location: 2F
1-2: Strikes out swinging
Batting: RHB Carlos Garza 0-0: Ball
1-0: Fly out, F6 (Flyball, 6MD)
Batting: RHB Vince Staples 0-0: Foul Ball, location: 2F
0-1: SINGLE (Line Drive, 5D)
Batting: RHB Carlos Ramírez 0-0: Called Strike
0-1: Called Strike
0-2: Strikes out swinging
Top of the 3rd over - 0 runs, 1 hit, 0 errors, 1 left on base; Irving 5 - Westwood 1
BOTTOM OF THE 3RD
Westwood Sixshooters batting - Pitching for Irving Blue Sox : RHP Peter Glenn
Batting: SHB Jasper Morrison 0-0: Called Strike
0-1: Ball
1-1: Foul Ball, location: 2F
1-2: Fly out, F6 (Popup, 6D)
Batting: LHB Vicente Gonzáles 0-0: Ball
1-0: Foul Ball, location: 2F
1-1: Foul Ball, location: 2F
1-2: Ball
2-2: Ball
3-2: SINGLE (Flyball, 7LS)
Batting: SHB Júlio Morín Jr. 0-0: Swinging Strike
0-1: Ball
1-1: Ball
2-1: Foul Ball, location: 2F
2-2: Fly out, F7 (Flyball, 78S)
Batting: RHB Michael Brannon 0-0: Ball
1-0: Called Strike
1-1: Foul Ball, location: 2F
1-2: Ground out 5-3 (Groundball, 56)
Bottom of the 3rd over - 0 runs, 1 hit, 0 errors, 1 left on base; Irving 5 - Westwood 1
TOP OF THE 4TH
Irving Blue Sox batting - Pitching for Westwood Sixshooters : RHP Bru Sotelo
Batting: RHB Enrique Gómez 0-0: Called Strike
0-1: Fly out, F7 (Flyball, 78M)
Batting: RHB Arnold Magowan 0-0: Swinging Strike
0-1: Ball
1-1: Ground out 6-3 (Groundball, 6)
Batting: RHB Octávio Beltzán 0-0: Called Strike
0-1: Foul Ball, location: 2F
0-2: Fly out, F8 (Flyball, 8RD)
Top of the 4th over - 0 runs, 0 hits, 0 errors, 0 left on base; Irving 5 - Westwood 1
BOTTOM OF THE 4TH
Westwood Sixshooters batting - Pitching for Irving Blue Sox : RHP Peter Glenn
Batting: LHB Mitchell Cusimano 0-0: Called Strike
0-1: Ground out 6-3 (Groundball, 6M)
Batting: SHB Aurelio Jiménez 0-0: Fly out, F7 (Flyball, 7LDF)
Batting: RHB Domingo Bravo 0-0: Ball
1-0: Ball
2-0: Fly out, F8 (Flyball, 89D)
Bottom of the 4th over - 0 runs, 0 hits, 0 errors, 0 left on base; Irving 5 - Westwood 1
TOP OF THE 5TH
Irving Blue Sox batting - Pitching for Westwood Sixshooters : RHP Bru Sotelo
Batting: RHB Cisco Hernández 0-0: Called Strike
0-1: Called Strike
0-2: Ball
1-2: Ground out 4-3 (Groundball, 4)
Batting: RHB Justin Smelter 0-0: Foul Ball, location: 2F
0-1: Ball
1-1: Ball
2-1: Foul Ball, location: 2F
2-2: Ground out 5-3 (Groundball, 56S)
Batting: LHB Myron Rosenbalm 0-0: Ball
1-0: Called Strike
1-1: Fly out, F8 (Flyball, 8LXD)
Top of the 5th over - 0 runs, 0 hits, 0 errors, 0 left on base; Irving 5 - Westwood 1
BOTTOM OF THE 5TH
Westwood Sixshooters batting - Pitching for Irving Blue Sox : RHP Peter Glenn
Batting: RHB Simone Catalani 0-0: Called Strike
0-1: Ball
1-1: Swinging Strike
1-2: Strikes out swinging
Batting: LHB Datu Lesaca 0-0: Called Strike
0-1: Ball
1-1: Ball
2-1: Swinging Strike
2-2: Fly out, F3 (Line Drive, 34)
Batting: SHB Jasper Morrison 0-0: Ball
1-0: Fly out, F8 (Flyball, 8RXD)
Bottom of the 5th over - 0 runs, 0 hits, 0 errors, 0 left on base; Irving 5 - Westwood 1
TOP OF THE 6TH
Irving Blue Sox batting - Pitching for Westwood Sixshooters : RHP Bru Sotelo
Batting: RHB Carlos Garza 0-0: Called Strike
0-1: Called Strike
0-2: Foul Ball, location: 2F
0-2: DOUBLE (Line Drive, 8LD)
Batting: RHB Vince Staples 0-0: Called Strike
0-1: Fly out, F7 (Flyball, 78D)
Batting: RHB Carlos Ramírez 0-0: Ground out 6-3 (Groundball, 6S)
Carlos Garza to third
Batting: RHB Enrique Gómez 0-0: Ball
1-0: Swinging Strike
1-1: Ball
2-1: SINGLE (Groundball, 6MS) (infield hit)
Carlos Garza scores
Pitching: RHP Raúl Colón
Batting: RHB Arnold Magowan 0-0: Ball
1-0: Called Strike
1-1: Ball
2-1: Foul Ball, location: 2F
2-2: Ball
Enrique Gómez steals 2nd base
3-2: DOUBLE (Flyball, 78D)
Enrique Gómez scores
Batting: RHB Octávio Beltzán 0-0: Called Strike
0-1: Swinging Strike
0-2: Strikes out swinging
Top of the 6th over - 2 runs, 3 hits, 0 errors, 1 left on base; Irving 7 - Westwood 1
BOTTOM OF THE 6TH
Westwood Sixshooters batting - Pitching for Irving Blue Sox : RHP Peter Glenn
Batting: LHB Vicente Gonzáles 0-0: Swinging Strike
0-1: Called Strike
0-2: Ball
1-2: Ball
2-2: Ball
3-2: Base on Balls
Batting: SHB Júlio Morín Jr. 0-0: Called Strike
0-1: Swinging Strike
0-2: Ball
1-2: DOUBLE (Line Drive, 8RD)
Vicente Gonzáles to third
Batting: RHB Michael Brannon 0-0: Called Strike
0-1: Called Strike
0-2: Ball
1-2: Fly out, F3 (Popup, 34S)
Batting: LHB Mitchell Cusimano 0-0: Called Strike
0-1: Ball
1-1: Called Strike
1-2: Fly out, F7 (Flyball, 78D)
Runner from 3rd tags up, SCORES, throw made
Batting: SHB Aurelio Jiménez 0-0: Foul Ball, location: 2F
0-1: Foul Ball, location: 2F
0-2: Ball
1-2: Ball
2-2: Ball
3-2: Reached on error, E5 (Groundball, 56)
Júlio Morín Jr. scores
Pitching: RHP Kerry Tenner
Batting: RHB Domingo Bravo 0-0: Ball
1-0: Fly out, F9 (Flyball, 9S)
Bottom of the 6th over - 2 runs, 1 hit, 1 error, 1 left on base; Irving 7 - Westwood 3
TOP OF THE 7TH
Irving Blue Sox batting - Pitching for Westwood Sixshooters : RHP Raúl Colón
Batting: RHB Cisco Hernández 0-0: Ball
1-0: Foul Ball, location: 2F
1-1: Ball
2-1: Ball
3-1: Base on Balls
Batting: RHB Justin Smelter 0-0: Sac Bunt - play at first, batter OUT! 1-3
Cisco Hernández to second
Batting: LHB Myron Rosenbalm 0-0: Intentional Walk
Batting: RHB Carlos Garza 0-0: Ball
Throwing error on steal attempt, E2
Cisco Hernández scores
Myron Rosenbalm to third
1-0: Called Strike
1-1: Ball
2-1: 2-RUN HOME RUN (Flyball, 9LD), Distance : 340 ft
Batting: RHB Vince Staples 0-0: Called Strike
0-1: Called Strike
0-2: Ground out 4-3 (Groundball, 34)
Batting: RHB Carlos Ramírez 0-0: Ball
1-0: Ball
2-0: Fly out, F9 (Flyball, 89D)
Top of the 7th over - 3 runs, 1 hit, 1 error, 0 left on base; Irving 10 - Westwood 3
BOTTOM OF THE 7TH
Westwood Sixshooters batting - Pitching for Irving Blue Sox : RHP Kerry Tenner
Batting: RHB Simone Catalani 0-0: Ball
1-0: Ball
2-0: Called Strike
2-1: Foul Ball, location: 2F
2-2: Foul Ball, location: 2F
2-2: Ball
3-2: Base on Balls
Batting: LHB Datu Lesaca 0-0: Ball
1-0: Ball
2-0: Called Strike
2-1: Ball
3-1: Fielders Choice at 2nd, 1-6 (Groundball, 13S)
Batting: SHB Jasper Morrison 0-0: Foul Ball, location: 2F
0-1: Grounds into double play, 4-6-3 (Groundball, 4)
Bottom of the 7th over - 0 runs, 0 hits, 0 errors, 0 left on base; Irving 10 - Westwood 3
TOP OF THE 8TH
Irving Blue Sox batting - Pitching for Westwood Sixshooters : RHP Raúl Colón
Batting: RHB Enrique Gómez 0-0: Foul Ball, location: 2F
0-1: Ground out 6-3 (Groundball, 6)
Batting: RHB Arnold Magowan 0-0: Called Strike
0-1: Foul Ball, location: 2F
0-2: Ball
1-2: Strikes out swinging
Batting: RHB Octávio Beltzán 0-0: Ball
1-0: Swinging Strike
1-1: Ground out 3-1 (Groundball, 34)
Top of the 8th over - 0 runs, 0 hits, 0 errors, 0 left on base; Irving 10 - Westwood 3
BOTTOM OF THE 8TH
Westwood Sixshooters batting - Pitching for Irving Blue Sox : RHP Kerry Tenner
Now at SS: Jorge López
Batting: LHB Vicente Gonzáles 0-0: Foul Ball, location: 2F
0-1: Ball
1-1: Ground out U3 (Groundball, 34S)
Batting: SHB Júlio Morín Jr. 0-0: Called Strike
0-1: Ball
1-1: Ball
2-1: SINGLE (Flyball, 8RS)
Batting: RHB Michael Brannon 0-0: Foul Ball, location: 2F
0-1: Ball
1-1: Ball
2-1: DOUBLE (Line Drive, 7LS)
Júlio Morín Jr. to third
Batting: LHB Mitchell Cusimano 0-0: Foul Ball, location: 2F
0-1: Swinging Strike
0-2: Foul Ball, location: 2F
0-2: Hit by Pitch
Batting: SHB Aurelio Jiménez 0-0: Grounds into fielders choice 2-2 (Groundball, 15S)
Michael Brannon to third
Mitchell Cusimano to second
Batting: RHB Domingo Bravo 0-0: Ball
1-0: Ball
2-0: Ground out 2-3 (Groundball, 2L)
Bottom of the 8th over - 0 runs, 2 hits, 0 errors, 3 left on base; Irving 10 - Westwood 3
TOP OF THE 9TH
Irving Blue Sox batting - Pitching for Westwood Sixshooters : RHP Raúl Colón
Batting: RHB Cisco Hernández 0-0: Ball
1-0: Called Strike
1-1: Swinging Strike
1-2: Ball
2-2: Reached on error, E5 (Groundball, 56)
Batting: RHB Justin Smelter 0-0: Ball
Cisco Hernández steals 2nd base
1-0: Called Strike
1-1: Ball
2-1: Ball
3-1: Foul Ball, location: 2F
3-2: SINGLE (Groundball, 4D)
Cisco Hernández to third
Batting: LHB Myron Rosenbalm 0-0: Ball
1-0: Foul Ball, location: 2F
1-1: Ball
2-1: Ball
3-1: Called Strike
3-2: Foul Ball, location: 2F
3-2: Fly out, F7 (Flyball, 7LS)
Runner from 3rd tags up, SCORES, no throw
Batting: RHB Carlos Garza 0-0: Ball
1-0: Ball
Justin Smelter steals 2nd base
2-0: Ground out 5-3 (Groundball, 56)
Batting: RHB Vince Staples 0-0: Ground out U3 (Groundball, 34)
Top of the 9th over - 1 run, 1 hit, 1 error, 1 left on base; Irving 11 - Westwood 3
BOTTOM OF THE 9TH
Westwood Sixshooters batting - Pitching for Irving Blue Sox : RHP Kerry Tenner
Batting: RHB Simone Catalani 0-0: Swinging Strike
0-1: Ball
1-1: Foul Ball, location: 2F
1-2: Fly out, F4 (Line Drive, 4M)
Batting: LHB Datu Lesaca 0-0: Ball
1-0: Ground out 4-3 (Groundball, 34)
Batting: SHB Jasper Morrison 0-0: Called Strike
0-1: Foul Ball, location: 2F
0-2: Strikes out looking
Bottom of the 9th over - 0 runs, 0 hits, 0 errors, 0 left on base; Irving 11 - Westwood 3
Wednesday, September 19th, 2018 - OOTP Baseball 18.8 Build 76